 Dungeon Sprint DCSS version 0.24.0-125-gc4c63601f3 (webtiles) character file.

Game seed: 13130913803090852163, levelgen mode: deterministic

800000 Ponchio the Warrior (level 13, 140/140 HPs)
             Began as a Pale Draconian Berserker on Mar 4, 2020.
             Was a Follower of Trog.
             Got out of the dungeon alive.
             The game lasted 00:01:00 (8 turns).

Ponchio the Warrior (Pale Draconian Berserker)         Turns: 8, Time: 00:01:01

Health: 140/140    AC:  8    Str: 20    XL:     13   Next: 0%
Magic:  13/13      EV: 25    Int:  8    God:    Trog [*.....]
Gold:   0          SH:  0    Dex: 15    Spells: 12/12 levels left

rFire    . . .     SeeInvis .   i - +∞ Axe of Woe
rCold    . . .     Gourm    .   (shield currently unavailable)
rNeg     . . .     Faith    .   (armour unavailable)
rPois    .         Spirit   .   (helmet restricted)
rElec    .         Reflect  .   (no cloak)
rCorr    .         Harm     .   (no gloves)
MR       .....     NoTele   +   (no boots)
Stlth    +.........             (no amulet)
HPRegen  0.33/turn              (no ring)
MPRegen  0.13/turn              (no ring)

@: short of breath, hasted, very quick
A: breathe steam, unfitting armour, cold-blooded, AC +8
a: Breathe Steam, Berserk, Renounce Religion


You escaped.
You worshipped Trog.
Trog was aware of your devotion.
You were not hungry.

You visited 1 branch

Inventory:

Hand Weapons
 a - a +0 hand axe
 i - the +∞ Axe of Woe (weapon)
   (You found it in the Dungeon)
Scrolls
 h - a scroll of blinking
Potions
 c - a potion of curing
 d - a potion of heal wounds
 f - 2 potions of magic
 g - a potion of berserk rage
Comestibles
 b - a ration


   Skills:
 + Level 20.4 Fighting
 + Level 19.0 Axes
 + Level 17.7 Dodging


You had 12 spell levels left.
You didn't know any spells.
Your spell library was empty.

Dungeon Overview and Level Annotations

Branches:
Dungeon (1/1)

Altars:
Makhleb


Innate Abilities, Weirdness & Mutations

You can breathe blasts of scalding, opaque steam.
Your pale cyan-grey scales are hard. (AC +8)
You cannot fit into any form of body armour.
You are cold-blooded and may be slowed by cold attacks.


Message History

You hear a shout! x7
A bag of meat comes into view. It is wielding a +9 war axe. x2
You hear a shout! x3
The bag of meat moves out of view.
Unknown command.
Unknown command.
Press: ? - help, Shift-Dir - straight line, f - bag of meat
Aim: a bag of meat, wielding a +9 war axe and wearing a +30 ring of slaying You exhale a blast of scalding steam.
The ball of steam hits the bag of meat!
The bag of meat is lightly wounded.
You feel somewhat more hungry.
The bag of meat shouts!
You hear a shout!
A meat berserker comes into view. It is wielding a +9 battleaxe.
You hear a shout! x8
Unknown command.
Are you sure you want to leave the Dungeon?
This will make you lose the game!
You hear a shout!
The bag of meat is engulfed in a cloud of scalding steam.
You hear a shout! x7
You have escaped!

.. .. #. O# #..
.o# .###..
..###.
......###......
....._o....
#..)..# #_.@._#
#...§.#
o...._o....
o.oo..###§.....
.###.. ..###.
#.. ..# #. o#
.. ..


You could see a meat berserker (berserk) and 7 bags of meat.

Vanquished Creatures
  An ogre (D)
1 creature vanquished.

Notes
Turn   | Place    | Note
-------+----------+-------------------------------------------
     0 | D        | Found the +∞ Axe of Woe
     0 | D        | Ponchio the Draconian Berserker began the quest for the
                  | Orb.
     0 | D        | Reached XP level 1. HP: 19/19 MP: 1/1
     2 | D        | Noticed a meat berserker
     2 | D        | Noticed a bag of meat
     2 | D        | Noticed a bag of meat
     2 | D        | Noticed a bag of meat
     4 | D        | Noticed a bag of meat
     4 | D        | Noticed a bag of meat
     4 | D        | Noticed a bag of meat
     5 | D        | Killed a meat berserker
     5 | D        | Reached skill level 20 in Fighting
     5 | D        | Reached XP level 2. HP: 57/57 MP: 2/2
     5 | D        | Reached XP level 3. HP: 64/64 MP: 3/3
     5 | D        | Reached XP level 4. HP: 72/72 MP: 4/4
     5 | D        | Reached XP level 5. HP: 80/80 MP: 5/5
     5 | D        | Reached XP level 6. HP: 88/88 MP: 6/6
     5 | D        | Your scales start taking on a pale cyan-grey colour.
     5 | D        | Reached XP level 7. HP: 95/95 MP: 7/7
     5 | D        | Reached XP level 8. HP: 103/103 MP: 8/8
     5 | D        | Reached XP level 9. HP: 111/111 MP: 9/9
     5 | D        | Reached XP level 10. HP: 118/118 MP: 10/10
     5 | D        | Reached XP level 11. HP: 126/126 MP: 11/11
     5 | D        | Reached XP level 12. HP: 134/134 MP: 12/12
     5 | D        | Reached XP level 13. HP: 140/140 MP: 13/13
     5 | D        | Noticed a bag of meat
     5 | D        | Noticed a bag of meat
     6 | D        | Noticed a meat berserker
     7 | D        | Noticed a bag of meat
     8 | D        | Got out of the dungeon alive.

Levels and vault maps discovered:
D:        meatsprint

Skill      XL: |  1 |
---------------+----+-----
Fighting       | 20 | 20.4
Axes           | 19 | 19.0
Dodging        | 17 | 17.7

Action                   |  1- 3 |  4- 6 |  7- 9 | 10-12 | 13-15 || total
-------------------------+-------+-------+-------+-------+-------++-------
Melee: Executioner's axe |     1 |       |       |       |       ||     1
 Abil: Breathe Steam     |       |       |       |       |     1 ||     1
  Use: Potion            |     1 |       |       |       |       ||     1
